 Dungeon Crawl Stone Soup version 0.29.0-11-gd7f09526c8 (webtiles) character file.

Game seed: 1171514946485669553

4230 greenreed the Thaumaturge (level 10, 0/80 HPs)
             Began as a Black Draconian Earth Elementalist on Sept 5, 2022.
             Was a Priest of Nemelex Xobeh.
             Slain by a human (6 damage)
             ... on level 10 of the Dungeon.
             The game lasted 00:27:52 (11575 turns).

greenreed the Thaumaturge (DrEE)                   Turns: 11575, Time: 00:27:52

Health: 0/80       AC:  7    Str: 10    XL:     10   Next: 9%
Magic:  28/32      EV: 12    Int: 20    God:    Nemelex Xobeh [***...]
Gold:   453        SH:  0    Dex: 12    Spells: 15/28 levels left

rFire   . . .      SeeInvis .   i - +1 short sword (speed)
rCold   . . .      Faith    .   (no shield)
rNeg    . . .      Spirit   .   (body armour unavailable)
rPois   .          Reflect  .   (helmet restricted)
rElec   +          Harm     .   E - scarf {repulsion}
rCorr   .          Rampage  .   (no gloves)
Will    .....                   (no boots)
Stlth   ++........              (no amulet)
HPRegen 0.23/turn               f - ring of magical power
MPRegen 0.23/turn               b - ring of wizardry

@: slowed, repel missiles, very slow
A: breathe lightning, AC +7, unfitting armour, electricity resistance,
cold-blooded
a: Breathe Lightning, Renounce Religion, Draw Escape, Draw Destruction, Draw
Summoning, Triple Draw


You were on level 10 of the Dungeon.
You worshipped Nemelex Xobeh.
Nemelex Xobeh was most pleased with you.
You visited 2 branches of the dungeon, and saw 11 of its levels.
You also visited: Sewer.

You collected 513 gold pieces.
You spent 60 gold pieces at shops.

Inventory:

Hand Weapons
 i - a +1 short sword of speed (weapon)
Missiles
 o - 16 poisoned darts
 J - a throwing net
Armour
 g - a +0 cloak
 k - a +0 buckler
 E - a scarf of repulsion (worn)
Jewellery
 b - a ring of wizardry (right hand)
 c - a ring of fire
 f - a ring of magical power (left hand)
 K - a ring of poison resistance
Wands
 C - a wand of paralysis (10)
 F - a wand of polymorph (9)
 H - a wand of iceblast (13)
 L - a wand of flame (13)
Scrolls
 h - 4 scrolls of teleportation
 j - a scroll of blinking {unknown}
 l - 3 scrolls of fear
 n - 5 scrolls of butterflies
 q - a scroll of summoning
 s - 2 scrolls of torment
 t - a scroll of magic mapping {unknown}
 v - 2 scrolls of poison {unknown}
 x - a scroll of immolation {unknown}
 y - 2 scrolls of brand weapon
 B - a scroll of enchant armour
 D - a scroll of silence {unknown}
 G - 3 scrolls of amnesia {unknown}
 M - a scroll of noise {unknown}
Potions
 a - 3 potions of magic
 d - 2 potions of flight {unknown}
 e - 5 potions of lignification
 m - a potion of curing
 p - a potion of heal wounds
 r - 2 potions of degeneration
 u - 3 potions of berserk rage {unknown}
 w - a potion of brilliance {unknown}
 z - 5 potions of might
 A - a potion of mutation {unknown}
 I - 2 potions of attraction {unknown}


   Skills:
 * Level 4.7 Fighting
 + Level 0.8 Short Blades
 + Level 2.8 Dodging
 + Level 3.4 Stealth
 * Level 9.8 Spellcasting
 + Level 2.1 Conjurations
 + Level 1.0 Hexes
 + Level 2.0 Summonings
 + Level 2.3 Transmutations
 + Level 6.4 Earth Magic


You had 15 spell levels left.
You knew the following spells:

 Your Spells              Type           Power      Damage    Failure   Level
a - Sandblast             Erth           70%        2d15      1%          1
b - Passwall              Tmut/Erth      22%        N/A       1%          2
c - Stone Arrow           Conj/Erth      52%        3d10      1%          3
d - Summon Guardian Gole  Hex/Summ       16%        N/A       4%          3
e - Petrify               Tmut/Erth      27%        N/A       4%          4

Your spell library contained the following spells:

 Spells                   Type           Power      Damage    Failure   Level
 Summon Small Mammal      Summ           72%        N/A       1%          1
 Call Canine Familiar     Summ           18%        N/A       3%          3
 Dispersal                Tloc           4%         N/A       98%         6
 Disjunction              Tloc           4%         N/A       100%        8


Dungeon Overview and Level Annotations

Branches:
Dungeon (10/15)            Temple (1/1) D:4             Orc (0/2) D:9
  Sewer (visited)
   Lair: D:8-11

Altars:
Ashenzari
Cheibriados
Dithmenos
Elyvilon
Fedhas
Gozag
Hepliaklqana
Kikubaaqudgha
Makhleb
Nemelex Xobeh
Okawaru
Qazlal
Ru
Sif Muna
Trog
Uskayaw
Vehumet
Wu Jian
Xom
Yredelemnul
Zin
The Shining One

Shops:
D:5 *   D:9 ?

Annotations:
D:3 2 runed translucent doors, RogueRain17's ghost, amateur GnTm


Innate Abilities, Weirdness & Mutations

You can breathe wild blasts of lightning.
Your glossy black scales are hard. (AC +7)
You cannot fit into any form of body armour.
You are resistant to electric shocks. (rElec)
You are cold-blooded and may be slowed by cold attacks.


Message History

The hornet stings you!
You are poisoned.
You feel as though you will be slow longer.
You draw a card...
You have drawn the Storm.
A fierce wind blows from the card.
The hornet is blown away by the wind.
You hear a mighty peal of thunder!
You feel very sick.
You draw a card...
You have drawn the Orb.
Press: ? - help, Shift-Dir - straight line, f/p - hornet
Aim: a hornet (heavily wounded)
Your orb of destruction hits a rock wall. x5
You feel sick. The hornet stings you.
You are more poisoned.
You feel as though you will be slow longer.
The hornet stings you!
* * * LOW HITPOINT WARNING * * *
You feel as though you will be slow longer.
You draw a card...
You have drawn the Orb.
Press: ? - help, Shift-Dir - straight line, f/p - hornet
Aim: a hornet (heavily wounded)
The wavering orb of destruction weakly hits the hornet!
The hornet is almost dead.
* * * LOW HITPOINT WARNING * * *
You feel very sick.
The hornet stings you but does no damage. x2
You feel better. The hornet stings you.
* * * LOW HITPOINT WARNING * * *
You feel as though you will be slow longer.
The hornet stings you!
* * * LOW HITPOINT WARNING * * *
You feel as though you will be slow longer.
You draw a card...
You have drawn Degeneration.
The hornet evaporates and reforms as a human!
The human twists and deforms.
The human barely misses you.
You draw a card...
You have drawn the Cloud.
Clouds appear around you!
You have got your breath back.
The human hits you.
You die...
Your body disappears without a glow.

#...........#
#...........#
#...........+
#...........#
#...........#
#...........#
##########'##
#..# #@## #p#
#ยง# ... ...
..... .....
......#


You could see a human (misshapen).

Vanquished Creatures
  Joseph (D:7)
  Maggie (D:9)
  Prince Ribbit (D:6)
  A hornet (D:8)
  A wyvern (D:9)
  Eustachio (D:6)
  Menkaure (D:5)
  An orc warrior (D:9)
  Pargi (Sewer)
  2 ice beasts (D:6)
  A sky beast (D:8)
  2 black bears
  An ogre (D:7)
  A centaur (D:10)
  A kobold brigand (D:5)
  2 phantoms (D:7)
  A bullfrog (D:8)
  2 gnoll sergeants (D:9)
  3 scorpions (D:5)
  5 wights (D:8)
  6 killer bees (D:8)
  An electric eel (D:9)
  4 howler monkeys
  4 orc priests
  A hound (D:7)
  3 jellies
  2 iguanas
  4 orc wizards
  10 gnolls
  8 adders
  A river rat (D:4)
  2 ufetubi
  4 worms
  8 dart slugs
  14 orcs
  10 endoplasms
  9 giant cockroaches
  12 goblins
  5 hobgoblins
  4 jackals
  3 quokkas
  5 ball pythons
  4 bats
  3 frilled lizards
  15 kobolds
  6 rats
178 creatures vanquished.

Notes
Turn   | Place    | Note
-------+----------+-------------------------------------------
     0 | D:1      | greenreed the Draconian Earth Elementalist began the quest
                  | for the Orb.
     0 | D:1      | Reached XP level 1. HP: 14/14 MP: 3/3
     2 | D:1      | Noticed a tengu
     4 | D:1      | Noticed a merfolk
     6 | D:1      | Noticed an elf
     8 | D:1      | Noticed an ogre
     8 | D:1      | Noticed a troll
    10 | D:1      | Noticed a felid
    10 | D:1      | Noticed a draconian
    12 | D:1      | Noticed a minotaur
    12 | D:1      | Noticed a human
    15 | D:1      | Noticed a meteoran
    15 | D:1      | Noticed a demigod
    17 | D:1      | Noticed a vampire
    17 | D:1      | Noticed a spriggan
    19 | D:1      | Noticed a vine stalker
    19 | D:1      | Noticed a palentonga
    21 | D:1      | Noticed an octopode
    21 | D:1      | Noticed a ghoul
    23 | D:1      | Noticed a gargoyle
    23 | D:1      | Noticed a demonspawn
    25 | D:1      | Noticed a formicid
    25 | D:1      | Noticed a human
    27 | D:1      | Noticed a ghoul
    27 | D:1      | Noticed an ogre
   175 | D:1      | Reached XP level 2. HP: 20/20 MP: 0/5
  1329 | D:2      | Reached XP level 3. HP: 26/26 MP: 3/6
  1852 | D:2      | Identified the +1 leather armour "Vacurgh" {rF+ Dex+10}
  2022 | D:2      | Learned a level 2 spell: Passwall
  2026 | D:2      | Learned a level 3 spell: Stone Arrow
  2317 | D:2      | Found a faded altar of an unknown god.
  2563 | D:3      | Found a runed translucent door.
  2570 | D:2      | Reached XP level 4. HP: 31/34 MP: 3/8
  2777 | D:3      | Noticed RogueRain17's ghost (amateur GnTm)
  2805 | D:3      | Found a runed translucent door.
  2824 | D:3      | Found a large runed translucent door.
  2826 | D:3      | Reached skill level 3 in Spellcasting
  2834 | D:3      | Found a large runed translucent door.
  3286 | D:3      | Found a bloodstained altar of Trog.
  3649 | D:3      | Found a sparkling altar of Nemelex Xobeh.
  3677 | D:3      | Found an ancient bone altar of Kikubaaqudgha.
  3684 | D:3      | Became a worshipper of Nemelex Xobeh the Trickster
  3726 | D:4      | Reached XP level 5. HP: 39/39 MP: 10/10
  3742 | D:4      | Found a basalt altar of Yredelemnul.
  3746 | D:4      | Reached skill level 1 in Fighting
  3746 | D:4      | Reached skill level 4 in Spellcasting
  3791 | D:4      | Found an opulent altar of Gozag.
  3808 | D:4      | Reached XP level 6. HP: 37/47 MP: 9/12
  4089 | D:4      | Found a glowing drain.
  4093 | Sewer    | Entered a sewer
  4115 | Sewer    | Noticed Pargi
  4120 | Sewer    | Killed Pargi
  4121 | Sewer    | Reached skill level 5 in Earth Magic
  4217 | Sewer    | Reached skill level 5 in Spellcasting
  4581 | D:4      | Reached * piety under Nemelex Xobeh
  4596 | D:4      | Learned a level 3 spell: Summon Guardian Golem
  4720 | D:4      | Found a staircase to the Ecumenical Temple.
  4725 | Temple   | Entered the Ecumenical Temple
  5122 | D:5      | Entered Level 5 of the Dungeon
  5133 | D:5      | Received a gift from Nemelex Xobeh
  5146 | D:5      | Found Atu Ulev's Elemental Accessories.
  5255 | D:5      | Your scales start taking on a glossy black colour.
  5255 | D:5      | Reached XP level 7. HP: 53/53 MP: 15/15
  5255 | D:5      | Gained mutation: You are resistant to electric shocks.
                  | (rElec) [Black Draconian growth]
  5749 | D:5      | Reached skill level 6 in Spellcasting
  5834 | D:5      | Reached skill level 1 in Summonings
  5865 | D:5      | Noticed Menkaure
  5869 | D:5      | Killed Menkaure
  6161 | D:5      | Reached XP level 8. HP: 60/62 MP: 17/17
  6728 | D:6      | Noticed Eustachio
  6734 | D:6      | Killed Eustachio
  6735 | D:6      | Reached skill level 1 in Hexes
  6735 | D:6      | Reached skill level 5 in Earth Magic
  6840 | D:6      | Found a hide-covered altar of Uskayaw.
  7098 | D:6      | Received a gift from Nemelex Xobeh
  7154 | D:6      | Reached ** piety under Nemelex Xobeh
  7173 | D:6      | Reached skill level 7 in Spellcasting
  7771 | D:6      | Learned a level 4 spell: Petrify
  8012 | D:7      | Noticed Prince Ribbit
  8041 | D:6      | Killed Prince Ribbit
  8679 | D:7      | Noticed Joseph
  8699 | D:7      | Killed Joseph
  8700 | D:7      | Reached skill level 8 in Spellcasting
  8700 | D:7      | Reached skill level 1 in Conjurations
  8700 | D:7      | Reached XP level 9. HP: 48/71 MP: 7/21
  9615 | D:8      | Found a snail-covered altar of Cheibriados.
  9730 | D:8      | Reached skill level 9 in Spellcasting
 10011 | D:8      | Paralysed by a hornet for 1 turns
 10424 | D:9      | Reached *** piety under Nemelex Xobeh
 10435 | D:9      | Found Momuaqaaj's Magic Scroll Shop.
 10447 | D:9      | Noticed Maggie
 10714 | D:9      | Killed Maggie
 10873 | D:9      | Bought a scroll of identify for 30 gold pieces
 10873 | D:9      | Bought a scroll of identify for 30 gold pieces
 10912 | D:9      | Received a gift from Nemelex Xobeh
 11061 | D:9      | Reached XP level 10. HP: 76/80 MP: 23/23
 11281 | D:9      | Found a staircase to the Orcish Mines.
 11525 | D:10     | Entered Level 10 of the Dungeon
 11575 | D:10     | Slain by a human

Illustrated notes

Levels and vault maps discovered:
D:1:      kb_arrival_jail, layout_basic
D:2:      layout_basic, chequers_ecumenical_altar_island
D:3:      layout_loops_cross, jmf_multi_god_temple2,
          mainiacjoe_overflow_concentric_impassable, ebering_ghost_sewer_f
D:4:      minmay_diamond_boxcup, layout_rooms,
          mainiacjoe_overflow_catch_the_wave, minmay_temple_entry_nine_rooms,
          gup_sewer_entry_spiral
D:5:      layout_basic, nicolae_elemental_shop, uniq_menkaure
D:6:      layout_basic, mainiacjoe_overflow_six_doors_small, uniq_eustachio
D:7:      layout_basic, lemuel_another_geyser, uniq_prince_ribbit1, uniq_joseph
D:8:      layout_basic, kennysheep_slug_shrine
D:9:      layout_big_octagon, serial_shops, nicolae_shop_waterfront,
          serial_column_ruins, column_ruins_open_large, column_ruins_grid_3,
          column_ruins_columns_straight, column_ruins_corridor_dead_end,
          column_ruins_columns_corner, uniq_maggie
D:10:     layout_roguey, uniq_urug
Temple:   regret_index_temple_generic_petals

Skill      XL: |  1  2  3  4  5  6  7  8  9 |
---------------+----------------------------+-----
Dodging        | 2 |  2.8
Earth Magic    | 4 4 5 6 |  6.4
Spellcasting   | 3 4 5 6 8 9 |  9.8
Fighting       | 1 2 3 4 |  4.7
Summonings     | 1 2 |  2.0
Stealth        | 2 3 |  3.4
Hexes          | 1 |  1.0
Conjurations   | 1 2 |  2.1
Transmutations | 2 |  2.3
Short Blades   | |  0.8

Action                   |  1- 3 |  4- 6 |  7- 9 | 10-12 || total
-------------------------+-------+-------+-------+-------++-------
Melee: Tailslap          |     1 |     4 |     5 |       ||    10
       Unarmed           |     1 |       |       |       ||     1
       Short sword       |       |    24 |    19 |       ||    43
       Punch             |       |       |     1 |       ||     1
 Cast: Sandblast         |    61 |   116 |   107 |     4 ||   288
       Stone Arrow       |       |     1 |    55 |     9 ||    65
       Summon Guardian G |       |       |     2 |       ||     2
       Petrify           |       |       |    13 |       ||    13
Invok: Draw Destruction  |       |       |       |     4 ||     4
       Draw Escape       |       |       |       |     1 ||     1
 Abil: Breathe Lightning |       |       |     7 |     1 ||     8
  Use: Scroll            |       |     5 |     6 |     1 ||    12
       Potion            |       |       |       |     1 ||     1
 Stab: Petrified         |       |       |     7 |       ||     7
Armor: Skin              |     8 |    26 |    26 |     4 ||    64
Dodge: Dodged            |    13 |    62 |    78 |     6 ||   159
       Repelled          |       |       |       |     1 ||     1
